 Dungeon Crawl Stone Soup version 0.29.0-13-gc9e81de378 (webtiles) character file.

Game seed: 14050040682323805773

37 ytrimaz the Trooper (level 3, 0/29 HPs)
             Began as a Demonspawn Gladiator on Sept 11, 2022.
             Slain by a ball python (2 damage)
             ... on level 2 of the Dungeon.
             The game lasted 00:00:48 (1083 turns).

ytrimaz the Trooper (Demonspawn Gladiator)          Turns: 1083, Time: 00:00:49

Health: 0/29       AC:  4    Str: 16    XL:     3   Next: 23%
Magic:  3/3        EV: 12    Int:  9    God:
Gold:   63         SH:  0    Dex: 14    Spells: 2/2 levels left

rFire   . . .      SeeInvis .   a - +0 war axe
rCold   . . .      Faith    .   (no shield)
rNeg    . . .      Spirit   .   b - +0 leather armour
rPois   .          Reflect  .   c - +0 helmet
rElec   .          Harm     .   (no cloak)
rCorr   .          Rampage  .   (no gloves)
Will    .....                   (no boots)
Stlth   +.........              (no amulet)
HPRegen 0.09/turn               g - +4 ring of slaying
MPRegen 0.08/turn               (no ring)

@: brilliant
A: demonic touch 1
a: no special abilities


You were on level 2 of the Dungeon.
You visited 1 branch of the dungeon, and saw 2 of its levels.

You collected 63 gold pieces.

Inventory:

Hand Weapons
 a - a +0 war axe (weapon)
Missiles
 d - 3 throwing nets (quivered)
 e - a javelin
Armour
 b - a +0 leather armour (worn)
 c - a +0 helmet (worn)
Jewellery
 g - a +4 ring of slaying (left hand)
 i - a +6 ring of intelligence
Scrolls
 f - a scroll of enchant weapon {unknown}
 h - a scroll of blinking {unknown}
 j - a scroll of poison {unknown}
Potions
 l - a potion of degeneration {unknown}


   Skills:
 * Level 3.2 Fighting
 + Level 3.1 Axes
 - Level 1.7 Throwing
 - Level 2.6 Dodging


You had 2 spell levels left.
You didn't know any spells.
Your spell library contained the following spells:

 Spells                   Type           Power      Damage    Failure   Level
 Call Canine Familiar     Summ           0%         N/A       83%         3
 Portal Projectile        Hex/Tloc       0%         N/A       83%         3
 Leda's Liquefaction      Hex/Erth       0%         N/A       99%         4


Dungeon Overview and Level Annotations

Branches:
Dungeon (2/15)

Altars:

Annotations:
D:2 1 runed translucent door, Crazy Yiuf


Innate Abilities, Weirdness & Mutations

Your touch may inflict minor irresistible damage on your foes.


Message History

No target in view!
Found a stone staircase leading up.
m - a fuming ruby potion No target in view!
No target in view! 2 gnolls come into view.
The gnoll shouts! x2
A gnoll comes into view. It is wielding a +0 halberd.
You hear a shout!
You hear an angry hiss.
There are monsters nearby!
There are monsters nearby!
A ball python comes into view.
The ball python hisses angrily.
A gnoll comes into view. It is wielding a +0 flail.
The gnoll shouts!
The gnoll hits you from afar with a +0 halberd!
The gnoll hits you with a +0 spear.
You barely miss the gnoll. The gnoll misses you. The gnoll closely misses you.
The gnoll hits you with a +0 spear. The gnoll hits you with a +0 halberd.
You hit the gnoll.
You touch the gnoll!
You kill the gnoll!
You barely miss the gnoll. You closely miss the gnoll.
The gnoll barely misses you. x2; The gnoll hits you with a +0 halberd!
* * * LOW HITPOINT WARNING * * *
The gnoll hits you with a +0 halberd.
* * * LOW HITPOINT WARNING * * *
You have reached level 3!
Your experience leads to an increase in your attributes!
Increase (S)trength, (I)ntelligence, or (D)exterity?
You feel stronger. x2
Unknown command.
Okay, then.
It was a potion of cancellation.
You feel magically purged. The ball python barely misses you.
The ball python closely misses you. The gnoll closely misses you.
The gnoll barely misses you.
It was a potion of brilliance.
You feel clever all of a sudden. The ball python bites you.
You die...

#+# ... #. .. ###
#...# #..#.# .. #..)#
#..#.# .# #####
#..#.##<## #........#
## ###......#.# .#
#.#.....)Sg####.# .#
#.#......@gg....# .#
#.##.#.########## .#
#.##.#.####### .#
#.##.........#
.#######.####...###.#
..................#
.#######.######.#.#
.# ##.# #.#.# .# #..#
#.# #


You could see 3 gnolls and a ball python.

Vanquished Creatures
  An adder (D:2)
  A gnoll (D:2)
  2 endoplasms (D:1)
  A giant cockroach (D:2)
  3 goblins (D:1)
  3 hobgoblins
  4 bats (D:1)
  A frilled lizard (D:1)
  A kobold (D:2)
17 creatures vanquished.

Notes
Turn   | Place    | Note
-------+----------+-------------------------------------------
     0 | D:1      | ytrimaz the Demonspawn Gladiator began the quest for the
                  | Orb.
     0 | D:1      | Reached XP level 1. HP: 16/16 MP: 1/1
   345 | D:1      | Gained mutation: Your touch may inflict minor irresistible
                  | damage on your foes. [demonic ancestry]
   345 | D:1      | Reached XP level 2. HP: 19/23 MP: 2/2
   859 | D:2      | Found a runed translucent door.
   860 | D:2      | Noticed Crazy Yiuf
  1082 | D:2      | Reached XP level 3. HP: 2/29 MP: 3/3
  1083 | D:2      | Slain by a ball python

Illustrated notes

Levels and vault maps discovered:
D:1:      spicycebolla_arrival_xxxplode, layout_basic
D:2:      layout_loops_ring, chequers_hall_statues_corner_a,
          minmay_misc_feat_rows, kennysheep_generic_room_12,
          uniq_crazy_yiuf_cottage, uniq_jessica

Skill      XL: |  1  2 |
---------------+-------+-----
Fighting       | 3 |  3.2
Axes           | 3 |  3.1
Throwing       | |  1.7
Dodging        | |  2.6

Action                   || total
-------------------------++-------
Melee: War axe           ||    27
       Touch             ||     5
  Use: Potion            ||     2
 Stab: Sleeping          ||     1
Armor: Leather armour    ||     5
Dodge: Dodged            ||    28
